 Dungeon Crawl Stone Soup version 0.23.2-1-ga50397a6bc (webtiles) character file.

Game seed: 11167821766685164808

2099 MisterOstroum the Chiller (level 9, -2/75 HPs)
             Began as a Grey Draconian Ice Elementalist on May 21, 2019.
             Slain by a wight
             ... wielding a cursed +3 flail
              (3 damage)
             ... on level 6 of the Dungeon.
             The game lasted 00:30:08 (10175 turns).

MisterOstroum the Chiller (DrIE)                   Turns: 10175, Time: 00:30:08

Health: -2/75      AC: 20    Str: 12    XL:     9   Next: 7%
Magic:  9/17       EV: 13    Int: 18    God:
Gold:   294        SH:  0    Dex: 11    Spells: 10/19 levels left

rFire    . . .     SeeInvis .   a - +0 flail (protect)
rCold    . . .     Gourm    .   (no shield)
rNeg     . . .     Faith    .   (armour unavailable)
rPois    .         Spirit   .   (helmet restricted)
rElec    .         Reflect  .   r - +0 cloak
rCorr    .         Harm     .   (no gloves)
MR       .....                  d - +0 pair of boots
Stlth    ++........             (no amulet)
HPRegen  0.22/turn              (no ring)
MPRegen  0.15/turn              (no ring)

@: lethally poisoned (-2 -> -11), icy armour, drained
A: walk through water, unfitting armour, unbreathing, cold-blooded, AC +12
a: no special abilities


You were on level 6 of the Dungeon.
You were not hungry.

You visited 1 branch of the dungeon, and saw 8 of its levels.

You collected 294 gold pieces.

Inventory:

Hand Weapons
 a - a +0 flail of protection (weapon)
 s - a +0 falchion
 w - a +0 flail
Missiles
 i - 340 stones (quivered)
 x - 5 needles of confusion
 y - 5 tomahawks
Armour
 d - a +0 pair of boots (worn)
 r - a +0 cloak (worn)
Jewellery
 u - an uncursed ring of fire
Wands
 z - a wand of paralysis (2)
 B - a wand of flame (10)
Scrolls
 b - 2 scrolls of teleportation {unknown}
 f - 4 scrolls of remove curse {@r2}
 g - 2 scrolls of immolation {unknown}
 h - 3 scrolls of blinking {unknown}
 l - 2 scrolls of amnesia {unknown}
 m - 5 scrolls of enchant weapon {unknown}
 o - 3 scrolls of magic mapping {unknown}
 t - 2 scrolls of enchant armour {unknown}
 A - 8 scrolls of identify {unknown}
Potions
 c - 4 potions of haste {@q4 !q}
 j - a potion of flight {unknown}
 k - 2 potions of curing {unknown}
 n - 3 potions of heal wounds {unknown}
 p - a potion of cancellation {unknown}
 q - 3 potions of agility {unknown}
 v - a potion of degeneration {unknown}
Comestibles
 e - 11 rations


   Skills:
 + Level 6.0(5.4) Fighting
 - Level 5.0(4.4) Dodging
 - Level 1.7(1.2) Stealth
 + Level 5.5(4.8) Spellcasting
 - Level 4.0(3.4) Conjurations
 + Level 6.5(5.9) Ice Magic


You had 10 spell levels left.
You knew the following spells:

 Your Spells              Type           Power        Failure   Level  Hunger
a - Ozocubu's Armour      Chrm/Ice       ###.....     12%         3    ###....
e - Freeze                Ice            ####         1%          1    None
q - Throw Frost           Conj/Ice       ###...       3%          2    #......
r - Searing Ray           Conj           ###...       4%          2    #......
w - Magic Dart            Conj           ###.         3%          1    None

Your spell library contained the following spells:

 Spells                   Type           Power        Failure   Level  Hunger
 Dazzling Spray           Conj/Hex       ##....       21%         3    ###....
 Throw Icicle             Conj/Ice       ###.....     21%         4    ####...
 Iskenderun's Mystic Bla  Conj           ###.....     32%         4    ####...
 Summon Ice Beast         Ice/Summ       ###.....     36%         4    ####...
 Force Lance              Conj/Tloc      ##......     54%         4    ####...
 Fulminant Prism          Conj/Hex       ##........   54%         4    ####...


Dungeon Overview and Level Annotations

Branches:
Dungeon (8/15)
 Temple: D:4-7         Lair: D:8-11

Altars:
Ashenzari
Dithmenos
Hepliaklqana
Kikubaaqudgha
Nemelex Xobeh
Okawaru
Ru
Trog
Zin

Annotations:
D:8 Harold


Innate Abilities, Weirdness & Mutations

You can walk through water.
Your dull iron-grey scales are very hard. (AC +12)
You cannot fit into any form of body armour.
You can survive without breathing.
You are cold-blooded and may be slowed by cold attacks.


Message History

Casting: Freeze (safe; 1% risk of failure)
Confirm with . or Enter, or press ? or * to list all spells.
You can't see any susceptible monsters within range! (Use Z to cast anyway.)
Casting: Freeze (safe; 1% risk of failure)
Confirm with . or Enter, or press ? or * to list all spells.
You can't see any susceptible monsters within range! (Use Z to cast anyway.)
You start resting.
Your magical contamination has completely faded away.
Your icy armour starts to melt.
Your icy armour evaporates.
Magic restored.
HP restored.
Done exploring.
You climb downwards.
The killer bee stings you! The killer bee closely misses you.
The killer bee misses you. The killer bee stings you.
The killer bee closely misses you. x2
The killer bee barely misses you. The wight misses you.
The killer bee barely misses you. The killer bee stings you.
The killer bee barely misses you. The wight barely misses you.
The killer bee stings you.
You are poisoned.
The killer bee poisons you!
There is a stone staircase leading up, spattered with blood here.
You feel sick. The killer bee barely misses you.
The killer bee closely misses you. The killer bee barely misses you.
The killer bee misses you.
The killer bee stings you but does no damage.
The wight barely misses you. The killer bee stings you.
You are more poisoned.
The killer bee poisons you!
The killer bee stings you but does no damage.
The wight closely misses you.
The killer bee stings you but does no damage.
You climb upwards.
You feel sick.
There is a stone staircase leading down here.
Casting: Freeze (safe; 1% risk of failure)
Confirm with . or Enter, or press ? or * to list all spells.
A film of ice covers your body!
You feel sick. The killer bee closely misses you.
The killer bee stings you but does no damage.
The killer bee barely misses you. The killer bee completely misses you.
The killer bee stings you but does no damage.
The killer bee closely misses you.
The killer bee stings you but does no damage.
The wight barely misses you.
The killer bee stings you but does no damage.
The wight barely misses you.
Casting: Ozocubu's Armour (safe; 10% risk of failure)
Confirm with . or Enter, or press ? or * to list all spells.
Aiming: Searing Ray (safe; 3% risk of failure)
Press: ? - help, Shift-Dir - straight line, f - killer bee
Aim: a killer bee The searing ray hits the killer bee.
The killer bee is lightly wounded. (Press . to maintain the ray.)
You feel sick. The killer bee stings you. The killer bee barely misses you.
The killer bee stings you.
The killer bee stings you but does no damage.
The killer bee stings you! The killer bee barely misses you.
The killer bee stings you!
You are more poisoned.
The killer bee poisons you! The killer bee closely misses you.
The wight misses you.
The searing ray misses the killer bee.
You feel sick. The killer bee completely misses you.
The killer bee closely misses you. x2
The killer bee completely misses you. The wight barely misses you.
The killer bee closely misses you. The killer bee misses you.
The killer bee stings you. The killer bee misses you.
The searing ray hits the killer bee.
The killer bee is heavily wounded.
You feel sick. The killer bee closely misses you. x2
The killer bee stings you but does no damage.
The killer bee closely misses you. The wight hits you but does no damage.
The killer bee barely misses you.
The wight hits you with a cursed +3 flail.
You feel drained. The killer bee barely misses you. The killer bee stings you.
* * * LOW HITPOINT WARNING * * *
The killer bee stings you but does no damage.
The searing ray misses the killer bee.
You finish channeling your searing ray.
You feel sick.
The killer bee stings you but does no damage. x2
The killer bee barely misses you.
The killer bee stings you but does no damage.
The killer bee barely misses you. The wight hits you with a +3 scimitar!
* * * LOW HITPOINT WARNING * * *
You feel drained.
* * * LOW HITPOINT WARNING * * *
The killer bee stings you.
* * * LOW HITPOINT WARNING * * *
The killer bee stings you but does no damage.
The wight closely misses you. The killer bee barely misses you.
* * * LOW HITPOINT WARNING * * *
You feel sick. The killer bee barely misses you.
The killer bee completely misses you. The killer bee closely misses you.
The killer bee stings you.
* * * LOW HITPOINT WARNING * * *
The killer bee barely misses you. The wight misses you.
The killer bee stings you but does no damage. x2
The wight hits you with a cursed +3 flail.
You die...

#.#.# #.#.# #.#.# #.#.# #.#.#
###########.#.# #########
#...........#.######.......#
#.########zy#.#............#
#.# #y@z..............' #.#
#yy#.#..###.......# #.#
#..#.#..###........
#.########..#.#..#..........
#......รท.#..#.#..#..........
########.#..#.#..#..........
#..........#.#..#..........
#.#####.#....#..#..........
#.# #.######..#..........


You could see 4 killer bees and 2 wights.

Vanquished Creatures
  Edmund (D:5)
  A phantom (D:6)
  An ice beast (D:6)
  2 ogres
  A centaur (D:6)
  2 bullfrogs (D:6)
  Blork the orc (D:5)
  4 scorpions
  2 killer bees (D:6)
  A vampire bat (D:3)
  3 howler monkeys
  A centaur zombie (D:5)
  4 crimson imps
  A bullfrog zombie (D:6)
  A bullfrog skeleton (D:4)
  5 orc priests
  A jelly (D:5)
  2 orc wizards
  A centaur skeleton (D:5)
  Ijyb (D:5)
  An iguana (D:5)
  3 worker ants
  2 hound zombies (D:6)
  A hound skeleton (D:5)
  A worker ant zombie (D:6)
  5 adders
  A shadow imp (D:5)
  An ooze (D:2)
  4 worms
  3 fire bats (D:3)
  3 leopard geckos
  20 orcs
  2 spectral bats (D:3)
  13 bats
  3 bat skeletons (D:3)
  A bat zombie (D:3)
  3 giant cockroaches
  3 goblins
  6 hobgoblins
  14 jackals
  2 kobolds
  3 quokkas
  A ball python (D:5)
  A bat simulacrum (D:3)
  5 frilled lizards
  A leopard gecko skeleton (D:5)
  A quokka skeleton (D:6)
  6 rats
146 creatures vanquished.

Vanquished Creatures (others)
  13 fungi (D:8)
  A plant (D:8)
14 creatures vanquished.

Grand Total: 160 creatures vanquished

Notes
Turn   | Place    | Note
-------+----------+-------------------------------------------
     0 | D:1      | MisterOstroum the Draconian Ice Elementalist began the
                  | quest for the Orb.
     0 | D:1      | Reached XP level 1. HP: 14/14 MP: 3/3
   358 | D:1      | Reached XP level 2. HP: 17/22 MP: 5/5
   575 | D:1      | Reached skill level 1 in Fighting
  1005 | D:2      | Learned a level 2 spell: Throw Frost
  1771 | D:2      | Found a hazy altar of Hepliaklqana.
  1799 | D:2      | Reached XP level 3. HP: 20/28 MP: 1/6
  3480 | D:3      | Reached XP level 4. HP: 26/36 MP: 0/8
  3802 | D:3      | Reached XP level 5. HP: 39/42 MP: 9/9
  4513 | D:3      | Found an iron altar of Okawaru.
  4514 | D:3      | Found a bloodstained altar of Trog.
  5343 | D:4      | Reached XP level 6. HP: 39/51 MP: 7/11
  6171 | D:4      | Found a sparkling altar of Nemelex Xobeh.
  6172 | D:4      | Found a glowing silver altar of Zin.
  6172 | D:4      | Found a sacrificial altar of Ru.
  6187 | D:4      | Found an ancient bone altar of Kikubaaqudgha.
  6227 | D:4      | Your scales start taking on a dull iron-grey colour.
  6227 | D:4      | Reached XP level 7. HP: 57/59 MP: 11/13
  6227 | D:4      | Gained mutation: You can survive without breathing. [Grey
                  | Draconian growth]
  6253 | D:4      | Reached skill level 5 in Ice Magic
  6501 | D:5      | Entered Level 5 of the Dungeon
  6501 | D:5      | Noticed Blork the orc
  6510 | D:5      | Killed Blork the orc
  6583 | D:5      | Noticed Ijyb
  7249 | D:5      | Noticed Edmund
  7277 | D:5      | Killed Edmund
  7277 | D:5      | Reached XP level 8. HP: 41/66 MP: 0/14
  7406 | D:5      | Found a shadowy altar of Dithmenos.
  7441 | D:5      | Killed Ijyb
  7585 | D:5      | Learned a level 3 spell: Ozocubu's Armour
  7666 | D:5      | Reached skill level 5 in Dodging
  7823 | D:5      | Learned a level 2 spell: Searing Ray
  8617 | D:6      | Reached skill level 5 in Fighting
  8761 | D:6      | Reached skill level 5 in Spellcasting
  8849 | D:6      | Learned a level 1 spell: Magic Dart
  9692 | D:8      | Noticed Harold
  9717 | D:7      | Found a shattered altar of Ashenzari.
  9750 | D:8      | Reached XP level 9. HP: 75/75 MP: 7/17
 10175 | D:6      | HP: 1/75 [killer bee (6)]
 10175 | D:6      | Slain by a wight

Skill      XL: |  1  2  3  4  5  6  7  8  9 |
---------------+----------------------------+-----
Fighting       | 1 2 3 4 5 6 |  6.0
Conjurations   | 2 4 |  4.0
Spellcasting   | 3 4 5 |  5.5
Ice Magic      | 4 5 6 |  6.5
Dodging        | 2 4 5 |  5.0
Stealth        | |  1.7

Action                   |  1- 3 |  4- 6 |  7- 9 || total
-------------------------+-------+-------+-------++-------
Melee: Club              |   132 |    66 |       ||   198
       Tailslap          |    19 |     6 |    22 ||    47
       Flail             |       |    71 |   202 ||   273
Throw: Stone             |    42 |    52 |    39 ||   133
 Cast: Freeze            |    17 |    38 |    44 ||    99
       Throw Frost       |    28 |    30 |    69 ||   127
       Searing Ray       |       |       |     5 ||     5
       Ozocubu's Armour  |       |       |     5 ||     5
       Magic Dart        |       |       |     1 ||     1
  Use: Scroll            |       |     1 |       ||     1
 Stab: Sleeping          |       |       |     1 ||     1
  Eat: Chunk             |    10 |     6 |    11 ||    27
       Ration            |       |     1 |     2 ||     3
Armor: Skin              |    53 |   133 |   133 ||   319
Dodge: Dodged            |   127 |   187 |   268 ||   582
